Map: Kairos Junction LE

Players

lIlIlIlIlIlI - Winner!

  • Race: Zerg Zerg
  • League: Master
  • Spawn Location: 5:00

Linley

  • Race: Protoss Protoss
  • League: Master
  • Spawn Location: 11:00

VOD

Have the link to the VOD?

Description

Time

  • Played on: Nov. 21, 2018, 10:19 a.m.
  • Length: 14:50
Show
View Real Time Build Order
Export as new Build Order

lIlIlIlIlIlI Zerg - Winner!

Build Orders: Hatch First, Swarm Host 

Get SALT Encoding   

  12  0:00  Drone  
  13  0:12  Overlord  
  13  0:17  Drone  
  14  0:30  Drone x2  
  16  0:49  Hatchery  
  15  0:51  Drone  
  15  0:55  Drone  
  17  0:58  Drone  
  18  1:09  Extractor  
  17  1:14  Spawning Pool  
  17  1:17  Drone  
  17  1:20  Drone  
  18  1:28  Drone  
  19  1:39  Overlord  
  19  1:49  Drone  
  20  2:01  Drone, Queen x2  
  21  2:02  Drone  
  26  2:10  Metabolic Boost  
  26  2:13  Drone x2  
  28  2:22  Drone  
  29  2:27  Drone  
  30  2:35  Overlord  
  30  2:40  Hatchery  
  30  2:42  Zergling x2  
  30  2:45  Zergling x2  
  31  2:51  Queen  
  31  2:55  Drone  
  34  3:00  Drone x2  
  36  3:11  Drone  
  36  3:12  Drone x4  
  41  3:13  Drone  
  41  3:14  Drone  
  41  3:17  Extractor, Drone x2  
  41  3:19  Extractor  
  43  3:22  Drone  
  44  3:32  Overlord  
  44  3:34  Lair  
  44  3:38  Extractor  
  44  3:41  Roach Warren  
  42  3:42  Drone  
  42  3:43  Evolution Chamber  
  42  3:45  Drone x2  
  44  3:53  Drone  
  44  3:54  Drone x3  
  48  3:55  Drone  
  49  4:04  Drone x4  
  49  4:06  Drone  
  54  4:16  Overlord  
  54  4:17  Zerg Missile Weapons Level 1  
  54  4:22  Overlord  
  54  4:23  Roach x2  
  58  4:29  Overlord  
  58  4:38  Glial Reconstitution  
  58  4:43  Roach x4  
  65  4:46  Overseer  
  65  4:47  Roach  
  65  4:48  Roach x2  
  65  4:49  Roach  
  73  4:57  Overlord  
  73  5:11  Roach  
  73  5:23  Spire  
  73  5:25  Drone x2  
  74  5:33  Overlord, Hatchery  
  74  5:35  Roach  
  75  5:44  Spine Crawler  
  75  5:46  Spore Crawler  
  75  5:47  Roach  
  75  5:50  Overlord  
  75  5:53  Drone x2  
  77  5:59  Roach  
  77  6:00  Roach x2  
  82  6:09  Overlord x2  
  82  6:19  Roach x4  
  82  6:23  Overlord  
  90  6:40  Mutalisk x8  
  90  6:44  Mutalisk  
  108  7:04  Drone x6  
  114  7:14  Overlord x2  
  114  7:28  Spine Crawler x2  
  112  7:30  Spine Crawler  
  112  7:35  Ravager x2  
  112  7:36  Ravager x6  
  119  7:38  Roach  
  119  7:47  Overlord x2  
  119  7:56  Hatchery  
  93  8:08  Drone x8  
  93  8:09  Drone x7  
  94  8:24  Zerg Missile Weapons Level 2  
  94  8:26  Roach x3  
  100  8:27  Infestation Pit  
  99  8:37  Roach  
  99  8:38  Roach x2  
  99  8:41  Extractor x2  
  96  8:43  Roach x3  
  96  8:47  Roach x3  
  107  8:51  Ravager x2  
  107  8:52  Roach x2, Ravager  
  100  9:19  Roach x2  
  100  9:20  Roach x6  
  100  9:22  Ravager  
  106  9:31  Overlord  
  104  9:35  Overlord x2  
  102  9:49  Hatchery  
  102  9:51  Overlord x2  
  101  9:56  Swarm Host  
  101  9:57  Swarm Host x3  
  113  10:05  Overlord  
  113  10:06  Hatchery  
  112  10:08  Swarm Host x3  
  112  10:12  Swarm Host  
  124  10:19  Swarm Host  
  125  10:31  Swarm Host x2  
  129  10:36  Swarm Host  
  132  10:43  Drone x2  
  132  10:44  Drone x5  
  132  10:47  Overseer  
  139  10:59  Extractor  
  139  11:00  Extractor  
  137  11:07  Swarm Host x4  
  149  11:22  Roach  
  149  11:23  Roach x5  
  155  11:36  Roach x2  
  155  11:38  Overlord x3  
  145  11:54  Roach x8  
  145  12:01  Roach  
  161  12:17  Roach x5  
  171  12:22  Hatchery  
  171  12:26  Roach x6  
  168  12:31  Roach x2  
  168  12:41  Roach x2  
  168  12:42  Roach x4  
  158  12:44  Roach  
  158  12:45  Roach  
  158  12:50  Roach  
  150  12:54  Ravager x2  
  150  12:55  Ravager  
  133  13:07  Roach x6  
  133  13:08  Roach  
  133  13:21  Roach x4  
  133  13:22  Roach  
  133  13:25  Overseer  
  141  13:28  Overlord x2  
  141  13:31  Roach  
  141  13:33  Overseer  
  143  13:39  Drone x4  
  144  13:50  Ravager x4  
  148  13:57  Spore Crawler  
  148  13:59  Spine Crawler  
  143  14:13  Mutalisk x5  
  151  14:17  Drone x2  
  151  14:18  Drone  
Show
View Real Time Build Order
Export as new Build Order

Linley Protoss 

Build Orders: 1 Gate Expand, Zealot Archon, Archon Drop, Dark Templar Rush 

Get SALT Encoding   

  12  0:00  Probe  
  13  0:12  Probe  
  14  0:19  Pylon  
  14  0:25  Probe  
  15  0:35  Probe  
  15  0:37  Gateway  
  16  0:43  Probe  
  17  0:52  Assimilator  
  17  0:53  Probe  
  18  1:05  Probe  
  19  1:17  Probe  
  20  1:27  Nexus  
  20  1:34  Cybernetics Core  
  20  1:37  Probe  
  21  1:46  Assimilator  
  21  1:50  Probe  
  22  1:54  Pylon  
  22  2:00  Adept  
  22  2:02  Probe  
  23  2:10  Probe  
  26  2:18  Probe  
  27  2:26  Adept  
  27  2:27  Warp Gate  
  27  2:28  Probe  
  27  2:36  Probe  
  30  2:38  Twilight Council  
  30  2:40  Probe  
  32  2:44  Probe  
  33  2:52  Probe  
  33  2:54  Probe  
  35  2:59  Stalker  
  35  3:05  Probe  
  38  3:06  Probe  
  39  3:16  Robotics Facility  
  39  3:17  Probe  
  39  3:18  Probe  
  41  3:24  Dark Shrine  
  41  3:29  Probe  
  41  3:30  Probe  
  43  3:37  Gateway  
  43  3:38  Gateway  
  43  3:41  Probe  
  44  3:47  Gateway  
  44  3:48  Pylon  
  44  3:50  Probe  
  45  3:56  Warp Prism  
  45  3:59  Assimilator  
  45  4:02  Assimilator  
  45  4:05  Pylon  
  45  4:07  Probe x2  
  49  4:19  Probe  
  49  4:21  Pylon  
  50  4:27  Probe  
  51  4:31  Probe  
  52  4:42  Pylon  
  52  4:43  Probe  
  53  4:46  Nexus  
  53  4:49  Probe  
  53  4:51  Observer  
  55  4:55  Dark Templar x3  
  55  4:56  Dark Templar  
  55  4:58  Charge  
  63  5:02  Immortal  
  67  5:24  Gateway  
  67  5:26  Gateway  
  67  5:27  Gateway  
  67  5:28  Shield Battery  
  67  5:30  Archon  
  67  5:32  Immortal  
  67  5:33  Archon  
  71  5:44  Forge  
  71  5:45  Gateway  
  71  5:50  Probe x2  
  73  6:04  Immortal  
  73  6:17  Observer  
  77  6:19  Sentry x2, Probe  
  77  6:20  Probe  
  77  6:22  Pylon, Probe  
  84  6:27  Zealot x4  
  92  6:33  Probe  
  92  6:36  Pylon  
  93  6:40  Probe  
  93  6:41  Probe  
  93  6:45  Probe  
  96  6:51  Observer  
  96  6:53  Dark Templar  
  98  6:54  Dark Templar x2  
  98  6:55  Dark Templar  
  98  6:59  Probe x2  
  98  7:00  Probe, Zealot  
  109  7:02  Archon x2  
  109  7:03  Pylon  
  109  7:08  Protoss Ground Weapons Level 1  
  109  7:15  Pylon  
  109  7:17  Pylon  
  107  7:26  Stalker x5  
  117  7:33  Probe  
  117  7:39  Probe  
  107  7:54  Probe  
  105  8:05  Probe x2  
  81  8:12  Dark Templar  
  81  8:13  Zealot, Dark Templar x2  
  81  8:14  Zealot x4  
  81  8:15  Probe  
  81  8:17  Photon Cannon, Probe  
  99  8:20  Archon  
  99  8:22  Photon Cannon, Probe  
  100  8:27  Probe  
  100  8:28  Photon Cannon  
  100  8:29  Probe  
  100  8:30  Photon Cannon  
  102  8:39  Stalker  
  102  8:40  Stalker x4  
  104  8:49  Stalker x2  
  104  8:59  Probe  
  100  9:10  Stalker x2  
  100  9:14  Zealot  
  100  9:15  Zealot  
  100  9:18  Warp Prism  
  94  9:26  Stalker x2  
  94  9:45  Pylon  
  94  9:46  Probe x2  
  95  9:56  Probe  
  95  9:58  Probe  
  97  10:03  Pylon, Probe  
  97  10:06  Pylon, Zealot  
  100  10:08  Probe  
  100  10:13  Protoss Ground Weapons Level 2  
  101  10:16  Probe  
  101  10:17  Probe  
  101  10:20  Probe  
  104  10:25  Photon Cannon  
  99  10:28  Probe  
  99  10:29  Probe  
  100  10:38  Probe  
  100  10:41  Sentry x2, Zealot x2  
  100  10:42  Zealot x2  
  113  10:44  Probe x2  
  113  10:48  Shield Battery  
  113  10:49  Blink  
  115  10:50  Probe  
  115  10:53  Shield Battery  
  115  10:56  Probe x2  
  118  11:02  Zealot x3  
  124  11:06  Probe  
  124  11:10  Pylon  
  117  11:23  Zealot x5  
  116  11:35  Zealot  
  116  11:36  Zealot x2  
  116  11:37  Observer  
  117  11:59  Stalker x2  
  118  12:05  Pylon  
  116  12:10  Zealot x6  
  88  12:42  Zealot x6  
  90  12:44  Stalker x2  
  86  13:02  Zealot x3  
  67  13:13  Zealot  
  67  13:14  Dark Templar x4  
  71  13:23  Dark Templar x2  
  59  13:43  Zealot x2  
  59  13:45  Assimilator  
  59  13:47  Assimilator, Zealot x4  
  71  13:48  Immortal  
  74  14:23  Templar Archives  
  71  14:24  Sentry  
  71  14:28  Zealot x4  
  81  14:34  Zealot x3  
  87  14:40  Assimilator  
Tags
 
Add a new tag
Caveats
  • Supply blocks, unpowered buildings, or Contaminate may cause inaccurate times.
  • Supply counts are checked every 10 seconds.